 Dungeon Crawl Stone Soup version 0.28-a0-1389-gc726bef33b (webtiles) character file.

Game seed: 14731603668800537400

5 siradein the Skirmisher (level 1, 0/36 HPs)
             Began as an Ogre Berserker on Jan 4, 2022.
             Was a Follower of Trog.
             Slain by a hobgoblin (1 damage)
             ... on level 1 of the Dungeon.
             The game lasted 00:00:58 (109 turns).

siradein the Skirmisher (Ogre Berserker)             Turns: 109, Time: 00:00:58

Health: 0/36       AC:  3    Str: 20    XL:     1   Next: 80%
Magic:  1/1        EV: 10    Int:  8    God:    Trog [*.....]
Gold:   0          SH:  0    Dex:  8    Spells: 0/0 levels left

rFire   . . .      SeeInvis .   a - +0 mace
rCold   . . .      Faith    .   (no shield)
rNeg    . . .      Spirit   .   b - +0 animal skin
rPois   .          Reflect  .   (helmet restricted)
rElec   .          Harm     .   (no cloak)
rCorr   .          Rampage  .   (gloves unavailable)
Will    .....                   (boots unavailable)
Stlth   ..........              (no amulet)
HPRegen 0.12/turn               (no ring)
MPRegen 0.07/turn               (no ring)

@: berserking, very quick
A: large, unfitting armour, tough skin 1
a: Renounce Religion, Berserk


You were on level 1 of the Dungeon.
You worshipped Trog.
Trog was aware of your devotion.
You visited 1 branch of the dungeon, and saw 1 of its levels.

Inventory:

Hand Weapons
 a - a +0 mace (weapon)
Armour
 b - a +0 animal skin (worn)
Scrolls
 d - a scroll of teleportation {unknown}
Potions
 c - a potion of flight {unknown}


   Skills:
 + Level 4.2 Fighting
 + Level 2.8 Maces & Flails
 + Level 2.8 Dodging


You couldn't memorise any spells.
You didn't know any spells.
Your spell library was empty.

Dungeon Overview and Level Annotations

Branches:
Dungeon (1/15)

Altars:


Innate Abilities, Weirdness & Mutations

You are too large for most types of armour.
You have tough skin. (AC +1)


Message History

You kill the hobgoblin!
Trog accepts your kill. The ball python bites you.
You sock the ball python!
You kill the ball python!
Trog accepts your kill.
No target in view!
No target in view!
No target in view!
HP restored.
d - a scroll labelled AROFEXKUIG
Items here: ) †††.
Found a faded altar of an unknown god.
Found 15 stones.
A hobgoblin comes into view. It is wielding a +4 vorpal spear.
The hobgoblin shouts!
A quokka comes into view.
You hit the quokka but do no damage. The quokka closely misses you.
The hobgoblin hits you from afar with a +4 vorpal spear.
You barely miss the quokka. The quokka closely misses you.
The hobgoblin misses you.
The quokka bites you but does no damage.
You hit the quokka.
You kill the quokka!
Trog accepts your kill. The hobgoblin barely misses you.
The hobgoblin hits you with a +4 vorpal spear.
You see here a quokka corpse.
You closely miss the hobgoblin. The hobgoblin misses you.
The hobgoblin barely misses you.
You hit the hobgoblin.
The hobgoblin is almost dead.
The hobgoblin hits you with a +4 vorpal spear!
* * * LOW HITPOINT WARNING * * *
x2 You are too injured to fight recklessly!
A red film seems to cover your vision as you go berserk!
You feel yourself moving faster!
You feel mighty!
The hobgoblin hits you with a +4 vorpal spear!
* * * LOW HITPOINT WARNING * * *
You die...

####.........#
##............#
#.####....P...P....#
#......)#...........
#.......#....<.......
....#######...........
.##. #.P...P.....
...########.....#.###
#..._....@###### #
#.......g.#
#.........#
#.........#
##.........#
#..........#
.(..#...######
......#.. #......#r


You could see a hobgoblin.

Vanquished Creatures
  A hobgoblin (D:1)
  A kobold (D:1)
  A quokka (D:1)
  2 ball pythons (D:1)
5 creatures vanquished.

Notes
Turn   | Place    | Note
-------+----------+-------------------------------------------
     0 | D:1      | siradein the Ogre Berserker began the quest for the Orb.
     0 | D:1      | Reached XP level 1. HP: 24/24 MP: 1/1
    90 | D:1      | Found a faded altar of an unknown god.
   109 | D:1      | HP: 1/36 [hobgoblin (8)]
   109 | D:1      | Slain by a hobgoblin

Illustrated notes

Levels and vault maps discovered:
D:1:      dpeg_arrival_orchard, layout_rooms, basic_ecumenical_altar

Action                   || total
-------------------------++-------
Melee: Mace              ||    18
Invok: Berserk           ||     1
Armor: Animal skin       ||     6
Dodge: Dodged            ||    14

Table legend: (Time is in decaauts)
 A = Elapsed time spent in this place.
 B = Non-inter-level travel time spent in this place.
 C = Inter-level travel time spent in this place.
 D = Time resting spent in this place.
 E = Time spent auto-exploring this place.
 F = Levels seen in this place.
 G = Mean time per level.
                   A        B        C        D        E       F      G
               +--------+--------+--------+--------+--------+-----+--------+
         Total |    113 |    113 |      0 |      0 |     72 |   1 |  113.0 |
       Dungeon |    113 |    113 |      0 |      0 |     72 |   1 |  113.0 |
               +--------+--------+--------+--------+--------+-----+--------+

Top non-repeatable levels by time:
     D:1: 113 daAuts
